AoeStats
← yumi

Arabia

507961462Analyzed
2v2 RM · 13d ago on Sep 20, 2026· 52m 14s· 4 players
Game mode
Random Map
Map size
Medium (4 player)
Population
200
Speed
Normal
Resources
Standard
Victory
Conquest
Starting age
Dark Age
Ending age
Imperial Age
RankedLock teamsTeams togetherTeam positionsShared explorationLock speedFull tech treeHidden civsTurbo modeCheats
Victory
Defeat
🇩🇪 Franks · Germany
632
+17
🇨🇳 Huns · China
559
+19
🇮🇳 Magyars · India
641
-35
🇮🇳 Bulgarians · India
641
-35
Cebel-i Kebir
0:55 Loom
12:35 Feudal Age
13:08 Double-Bit Axe
16:26 Gold Mining
23:08 Castle Age
21:42 Stone Mining
25:36 Bow Saw
28:00 Gold Shaft Mining
33:18 Imperial Age
31:41 Husbandry
35:22 Conscription
35:30 Cavalier
36:55 Paladin
39:09 Wheelbarrow
38:21 Town Watch
39:43 Chemistry
39:03 Ballistics
38:54 Fortified Wall
38:40 Murder Holes
38:55 Masonry
38:54 Scale Barding Armor
38:50 Scale Mail Armor
40:13 Chain Barding Armor
40:09 Chain Mail Armor
39:54 Padded Archer Armor
39:45 Fletching
40:55 Hand Cart
40:42 Town Patrol
40:37 Fletching
40:57 Forging
41:09 Caravan
41:21 Chivalry
43:03 Bodkin Arrow
46:13 Plate Barding Armor
46:09 Plate Mail Armor
45:54 Leather Archer Armor
46:16 Iron Casting
46:13 Architecture
45:48 Siege Engineers
48:17 #83
47:17 Elite Throwing Axeman
48:34 Hoardings
48:45 Coinage
50:31 Elite Throwing Axeman
52:08 Banking
52:44 Blast Furnace
yumi
7:29 Loom
12:40 Feudal Age
14:04 Wheelbarrow
13:16 Double-Bit Axe
13:14 Horse Collar
16:05 Bloodlines
16:09 Forging
16:05 Scale Barding Armor
16:24 Gold Mining
16:25 Stone Mining
17:11 Scale Barding Armor
22:36 Castle Age
20:50 Stone Mining
21:23 Scale Mail Armor
22:25 Fletching
23:54 Heavy Plow
23:57 Husbandry
24:12 Bow Saw
26:08 Iron Casting
25:54 Chain Barding Armor
27:27 Hand Cart
33:22 Pikeman
34:02 Squires
33:48 Arson
36:01 Caravan
40:26 Imperial Age
41:05 Chain Mail Armor
40:46 Bodkin Arrow
40:51 Padded Archer Armor
45:38 Conscription
48:25 Elite Tarkan
50:26 Plate Barding Armor
50:52 Blast Furnace
49:52 Bracer
51:28 Two-Man Saw
50:47 Leather Archer Armor
ankitsahoo7815
6:04 Loom
11:11 Feudal Age
12:30 Man-at-Arms
14:30 Wheelbarrow
14:14 Double-Bit Axe
15:40 Horse Collar
21:28 Scale Mail Armor
25:09 Castle Age
23:47 Gold Mining
24:32 Scale Barding Armor
25:05 Fletching
25:16 Padded Archer Armor
25:30 Bloodlines
25:25 Pikeman
26:40 Chain Mail Armor
26:46 Hand Cart
26:35 Light Cavalry
28:21 Bow Saw
34:39 Crossbowman
36:19 Gold Shaft Mining
35:35 Stone Mining
36:14 Bodkin Arrow
38:00 Thumb Ring
37:22 Long Swordsman
40:36 Chain Barding Armor
40:32 Leather Archer Armor
40:45 Husbandry
46:56 Corvinian Army
FullestOx956066
10:17 Loom
12:34 Feudal Age
13:12 Horse Collar
13:44 Double-Bit Axe
14:51 Gold Mining
21:53 Arson
24:44 Padded Archer Armor
24:45 Scale Mail Armor
24:40 Fletching
25:03 Forging
28:09 Castle Age
28:37 Pikeman
28:39 Elite Skirmisher
31:57 Light Cavalry
32:39 Husbandry
32:50 Bloodlines
34:28 Stone Mining
35:15 Gold Shaft Mining
34:45 Heavy Plow
34:58 Bow Saw
34:40 Gambesons
35:05 Thumb Ring
39:08 Scale Barding Armor
Connection lost

Rejoining the realm…

Still unreachable

The connection could not be restored.

Session expired

The server has moved on; the page needs a fresh start.